 Dungeon Crawl Stone Soup version 0.27.1-37-g7b29ead8ac (console) character file.

Game seed: 35324327733707819

72 grimtooth the Scratcher (level 4, 0/19 HPs)
             Began as a Felid Transmuter on Nov 29, 2023.
             Was an Initiate of Elyvilon.
             Succumbed to a scorpion's poison
             ... on level 2 of the Dungeon.
             The game lasted 00:22:56 (4375 turns).

grimtooth the Scratcher (Felid Transmuter)          Turns: 4375, Time: 00:22:57

Health: 0/19       AC:  5    Str:  6    XL:     4   Next: 6%
Magic:  7/7        EV: 17    Int: 17    God:    Elyvilon [......]
Gold:   156        SH:  0    Dex: 18    Spells: 6/7 levels left
                                        Lives:  0   Deaths: 1

rFire    + . .     SeeInvis +     - Unarmed
rCold    + . .     Faith    .   (shield unavailable)
rNeg     . . .     Spirit   .   (armour unavailable)
rPois    +         Reflect  .   (helmet unavailable)
rElec    +         Harm     .   (cloak unavailable)
rCorr    +         Rampage  .   (gloves unavailable)
Will     .....     Rnd*Rage +   (boots unavailable)
Stlth    ++........             (no amulet)
HPRegen  0.06/turn              c - +4 ring of protection
MPRegen  0.10/turn              (no ring)

@: lethally poisoned (0 -> -5), appendages (expiring), resistant, quick
A: horns 2, very small, claws 1, fangs 3, see invisible, speed 1, shaggy fur 1,
stealthy paws, no weapons or thrown items, no armour, multi-lived, agile 1,
berserk 1, clever 1, low mp 1
a: End Transformation, Renounce Religion


You were on level 2 of the Dungeon.
You worshipped Elyvilon.
Elyvilon was noncommittal.
You had temporarily grown beastly horns.
You visited 1 branch of the dungeon, and saw 3 of its levels.

You collected 156 gold pieces.

Inventory:

Jewellery
 c - a +4 ring of protection (left paw)
Scrolls
 a - a scroll of blinking {unknown}
 b - 2 scrolls of teleportation
Potions
 d - a potion of brilliance
 e - a potion of might
 f - a potion of cancellation


   Skills:
 - Level 1.0 Fighting
 - Level 2.6 Dodging
 - Level 3.0 Stealth
 * Level 4.4 Unarmed Combat
 - Level 2.0 Spellcasting
 + Level 3.3 Transmutations


You had 6 spell levels left.
You knew the following spells:

 Your Spells              Type           Power      Damage    Failure   Level
B - Beastly Appendage     Tmut           26%        N/A       4%          1

Your spell library contained the following spells:

 Spells                   Type           Power      Damage    Failure   Level
 Wereblood                Tmut           13%        N/A       8%          2
 Magic Dart               Conj           4%         1d3       19%         1
 Call Imp                 Summ           1%         N/A       28%         2
 Spider Form              Tmut/Pois      3%         N/A       30%         3
 Call Canine Familiar     Summ           1%         N/A       50%         3
 Mephitic Cloud           Conj/Pois/Air  1%         N/A       50%         3
 Ice Form                 Ice/Tmut       7%         N/A       69%         4
 Leda's Liquefaction      Hex/Erth       0%         N/A       88%         4
 Portal Projectile        Hex/Tloc       Unusable   N/A       N/A         3

Dungeon Overview and Level Annotations

Branches:
Dungeon (3/15)

Altars:
Elyvilon

Annotations:
D:2 1 runed translucent door, 1 exclusion, Crazy Yiuf


Innate Abilities, Weirdness & Mutations

You have temporarily grown beastly horns.
You have sharp claws.
You have razor-sharp teeth.
You have supernaturally acute eyesight. (SInv)
You cover ground quickly. (Speed+)
You are covered in fur. (AC +1)
Your paws help you pounce on unaware monsters.
You are incapable of wielding weapons or throwing items.
You cannot wear armour.
You gain extra lives every three experience levels.
You are agile. (Dex +2)
You tend to lose your temper in combat.
Your mind is acute. (Int +2)
Your magical capacity is low. (-10% MP)


Message History

Confirm with . or Enter, or press ? or * to list all spells.
You grow a pair of large bovine horns.
The scorpion barely misses you.
You scratch the scorpion.
You bite the scorpion, but do no damage.
The scorpion is moderately wounded.
The scorpion stings you.
You closely miss the scorpion. Your claw misses the scorpion.
You bite the scorpion.
The scorpion is moderately wounded.
The scorpion stings you.
You scratch the scorpion.
The scorpion is heavily wounded.
The scorpion stings you.
Okay, then.
You scratch the scorpion.
The scorpion is heavily wounded.
The scorpion completely misses you.
You completely miss the scorpion.
The scorpion is heavily wounded.
Your transformation is almost over.
The scorpion stings you.
* * * LOW HITPOINT WARNING * * *
You are lethally poisoned!
The scorpion poisons you!
* * * LOW HITPOINT WARNING * * *
You feel sick.
Enter note: - aww It was a potion of resistance.
You feel protected.
* * * LOW HITPOINT WARNING * * *
You feel sick. The scorpion barely misses you. x2
* * * LOW HITPOINT WARNING * * *
You feel sick.
Okay, then.
Really quaff the potion of mutation?
You feel extremely strange.
You feel clever.
You feel less energetic.
You feel a little pissed off.
You feel agile.
You die...

# #...♣≈≈≈♣♣ ##.......## #
#.##♣≈≈≈≈# ##.....##
####.##♣≈≈≈♣# ##.#####
...÷....♣≈≈# #..# .######..♣##
###.## .# ###..####### #...#
.# ##.......# ##.### .#####
#.......# ##..# .....###
#.......# #..## ##.....#
#.......###.## .......#
#....s.@....#
###.#..###...###..####
#.##.##..#####.## #.##.....#
#..###########
#.##.#.#.####......#.....##
###.##...#..................##
....##...#...................#
....#..#.#...................#
....#.##.<......##############
................#
......####.>....##♣♣♣♣♣


You could see a scorpion.

Vanquished Creatures
  An orc wizard (D:3)
  An adder (D:3)
  2 worms
  2 dart slugs
  5 orcs (D:3)
  5 ball pythons
  5 bats
  5 endoplasms
  2 giant cockroaches
  9 goblins
  5 hobgoblins
  9 jackals
  A quokka (D:3)
  4 frilled lizards (D:1)
  6 kobolds
  3 rats
65 creatures vanquished.

Vanquished Creatures (others)
  4 plants (D:2)
4 creatures vanquished.

Grand Total: 69 creatures vanquished

Notes
Turn   | Place    | Note
-------+----------+-------------------------------------------
     0 | D:1      | grimtooth the Felid Transmuter began the quest for the Orb.
     0 | D:1      | Reached XP level 1. HP: 9/9 MP: 4/4
   607 | D:1      | Reached skill level 1 in Stealth
   607 | D:1      | Reached XP level 2. HP: 9/12 MP: 4/6
  1775 | D:1      | Found a faded altar of an unknown god.
  2026 | D:1      | Reached XP level 3. HP: 15/15 MP: 5/7
  2562 | D:2      | Found a runed translucent door.
  2563 | D:2      | Noticed Crazy Yiuf
  2622 | D:2      | Noticed a scorpion
  2862 | D:3      | Reached skill level 4 in Unarmed Combat
  2938 | D:2      | Reached XP level 4. HP: 19/19 MP: 8/8
  3187 | D:3      | Found a white marble altar of Elyvilon.
  3194 | D:3      | Became a worshipper of Elyvilon the Healer
  3536 | D:3      | Killed from afar by an orc priest
  3537 | D:3      | Reached XP level 3. HP: -5/22 MP: 7/7
  3537 | D:3      | - double smite bullshit
  3559 | D:3      | - now this doesnt look good either
  3694 | D:3      | Reached XP level 4. HP: 19/19 MP: 6/8
  3995 | D:3      | Noticed a centaur
  3997 | D:3      | - oh ffs
  4373 | D:2      | - aww
  4375 | D:2      | Gained mutation: Your mind is acute. (Int +2) [potion of
                  | mutation]
  4375 | D:2      | Gained mutation: Your magical capacity is low. (-10% MP)
                  | [potion of mutation]
  4375 | D:2      | Gained mutation: You tend to lose your temper in combat.
                  | [potion of mutation]
  4375 | D:2      | Gained mutation: You are agile. (Dex +2) [potion of
                  | mutation]
  4375 | D:2      | Succumbed to a scorpion's poison

Illustrated notes .........# #.# #.# .###.#(#.# #.# #.# .###.#.#.# #.# #.# .......#.#### ##.## #.# ###.)..#)..<###...#######.# .o........................# ............###...######### #........#.## ##.## ###.......># #.# .........### #.# ########.# #@# ## #.# #.# .# #.# #.# .#######.#######.# .................# .################# .# .# Turn 3537 on D:3: - double smite bullshit ....# #.# #.......#.#### ##. ....# #.######.)..#)..<###.. ....# #.....o............... !...##########..............###.. ................#........#.## ##. ...o##########..###.......># #. ..# #...............### #. ..##### #.###=.########.# #. ......# # #..## #.# #. o.###.####.###...# #.# #. ...............o@#######.#######. ...............#................. #.###.####.#####.################ ..(....# # #.# .<###..# #.# ### # #.# #.# #.# #. Turn 3559 on D:3: - now this doesnt look good either ..#..# #.#..# #.# #.#..# #. #.# #.#..# #.# #.# #.#..# #.# #.# #.#..# #.# #.# #.#..# #.# #.# ##.##.# #.# #.# ##...#.# ####.###.######......# #....@.....†.........# #.##.####.#####..)...# #.# #.# ##...#.# #.# #.##########.# #.# #.#........... Sw. #.#.######.... .c. #.#.### #.... .....#.#...####.... ..............<..#.. ..###...##..###. #........#.. Turn 3997 on D:3: - oh ffs

.# #...♣≈≈≈♣♣ ##.......# .#
#.##♣≈≈≈≈# ##.....##
>####.##♣≈≈≈♣# ##.#####
....÷....♣≈≈# #..#
#.######..♣## ###.## ..#
###..####### #...# ..#
##.......# ##.### #.#####
#.......# ##..# #.....###
#.......# #..## .##.....#
#.......###.## <.......#
#....s@.....#
####.#..###...###..####
#.##.##..#####.## #.##.....#
#..###########
#.##.#.#.####......#.....##
####.##...#..................##
.....##...#...................#
.....#..#.#...................#
.....#.##.<......##############
.................#
.......####.>....##♣♣♣♣♣


Turn 4373 on D:2: - aww

Levels and vault maps discovered:
D:1:      sevenhm_arrival_forest_fort_small_6, layout_basic,
          shapermc_ecumenical_altar_mp_highgroup
D:2:      layout_rooms, serial_bayou_ford_a, hangedman_abyss_or_decor_stabs,
          uniq_crazy_yiuf_cottage
D:3:      layout_loops_ring, lemuel_tele_altar

Skill      XL: |  1  2  3 |
---------------+----------+-----
Stealth        | 1 3 |  3.0
Unarmed Combat | 4 |  4.4
Transmutations | 3 |  3.3
Fighting       | |  1.0
Dodging        | |  2.6
Spellcasting   | |  2.0

Action                   |  1- 3 |  4- 6 || total
-------------------------+-------+-------++-------
Melee: Unarmed           |   116 |    50 ||   166
       Headbutt          |    16 |     6 ||    22
       Bite              |    10 |     4 ||    14
 Cast: Beastly Appendage |    38 |    16 ||    54
  Use: Scroll            |     6 |     1 ||     7
       Potion            |     1 |     3 ||     4
 Stab: Sleeping          |     5 |     2 ||     7
Armor: Skin              |    11 |     6 ||    17
Dodge: Dodged            |    92 |    38 ||   130
